TOP OF THE 1ST |
Jupiter Hammerheads batting - Pitching for Modesto Nuts : RHP Matt Morales
|
Pitching: RHP Matt Morales
|
|
Batting: RHB Harrie de Kam
|
0-0: Ball 1-0: Foul Ball, location: 2F 1-1: Ball 2-1: Fly out, F6 (Line Drive, 6, EV 65.6 MPH)
|
Batting: LHB Orlando Rivera
|
0-0: Ball 1-0: Ball 2-0: Ball 3-0: Called Strike 3-1: Swinging Strike 3-2: Ground out U3 (Groundball, 3L, EV 105.6 MPH)
|
Batting: RHB Manuel Taveras
|
0-0: Ball 1-0: Ball 2-0: Called Strike 2-1: Called Strike 2-2: Ground out 6-3 (Groundball, 6S, EV 60.6 MPH)
|
Top of the 1st over - 0 runs, 0 hits, 0 errors, 0 left on base; Jupiter 0 - Modesto 0 |
BOTTOM OF THE 1ST |
Modesto Nuts batting - Pitching for Jupiter Hammerheads : RHP Kevin Weil
|
Pitching: RHP Kevin Weil
|
|
Batting: RHB Kevin Tangeman
|
0-0: Called Strike 0-1: Swinging Strike 0-2: Ball 1-2: Ball 2-2: Ball 3-2: Fly out, F8 (Flyball, 89XD, EV 107.5 MPH)
|
Batting: SHB Craig Ruzic
|
0-0: Called Strike 0-1: Called Strike 0-2: Fly out, F8 (Flyball, 8LXD, EV 101.2 MPH)
|
Batting: RHB T.J. Williams
|
0-0: Called Strike 0-1: Ground out 6-3 (Groundball, 6, EV 88.1 MPH)
|
Bottom of the 1st over - 0 runs, 0 hits, 0 errors, 0 left on base; Jupiter 0 - Modesto 0 |
TOP OF THE 2ND |
Jupiter Hammerheads batting - Pitching for Modesto Nuts : RHP Matt Morales
|
Batting: RHB Miguel Velasco
|
0-0: Ball 1-0: Ball 2-0: Swinging Strike 2-1: Foul Ball, location: 2F 2-2: Foul Ball, location: 2F 2-2: Ball 3-2: Strikes out swinging
|
Batting: SHB Greg Rivera
|
0-0: Ball 1-0: Fly out, F7 (Flyball, 7S, EV 91.9 MPH)
|
Batting: RHB Reomel Somera
|
0-0: Ball 1-0: Foul Ball, location: 2F 1-1: Ball 2-1: Called Strike 2-2: Ground out 6-3 (Groundball, 56, EV 100.0 MPH)
|
Top of the 2nd over - 0 runs, 0 hits, 0 errors, 0 left on base; Jupiter 0 - Modesto 0 |
BOTTOM OF THE 2ND |
Modesto Nuts batting - Pitching for Jupiter Hammerheads : RHP Kevin Weil
|
Batting: RHB John Corfield
|
0-0: Ground out U3 (Groundball, 34S, EV 93.8 MPH)
|
Batting: RHB Ray Insley
|
0-0: Ball 1-0: Called Strike 1-1: Swinging Strike 1-2: Ball 2-2: Ground out 6-3 (Groundball, 6S, EV 68.1 MPH)
|
Batting: SHB Clayton Saunders
|
0-0: Swinging Strike 0-1: Hit by Pitch
|
Batting: RHB Manny Thompson
|
0-0: Called Strike 0-1: Called Strike 0-2: Foul Ball, location: 2F 0-2: Ground out 6-3 (Groundball, 6MD, EV 96.2 MPH)
|
Bottom of the 2nd over - 0 runs, 0 hits, 0 errors, 1 left on base; Jupiter 0 - Modesto 0 |
TOP OF THE 3RD |
Jupiter Hammerheads batting - Pitching for Modesto Nuts : RHP Matt Morales
|
Batting: RHB Alberto Bravo
|
0-0: Foul Ball, location: 2F 0-1: Ball 1-1: Foul Ball, location: 2F 1-2: Ball 2-2: Ground out 6-3 (Groundball, 6, EV 81.2 MPH)
|
Batting: RHB Torquato Uso
|
0-0: Ball 1-0: Foul Ball, location: 2F 1-1: Ball 2-1: Called Strike 2-2: Ball 3-2: Foul Ball, location: 2F 3-2: Base on Balls
|
Batting: RHB Rafael Irizarry
|
0-0: Ball Torquato Uso is caught stealing 2nd base 2-4 1-0: Foul Ball, location: 2F 1-1: Ball 2-1: Called Strike 2-2: Ball 3-2: Strikes out swinging
|
Top of the 3rd over - 0 runs, 0 hits, 0 errors, 0 left on base; Jupiter 0 - Modesto 0 |
BOTTOM OF THE 3RD |
Modesto Nuts batting - Pitching for Jupiter Hammerheads : RHP Kevin Weil
|
Batting: SHB Justin Jackson
|
0-0: Foul Ball, location: 2F 0-1: Called Strike 0-2: Ball 1-2: Ground out U3 (Groundball, 3L, EV 98.8 MPH)
|
Batting: RHB Ighlas Mwara
|
0-0: Ball 1-0: Foul Ball, location: 2F 1-1: Fly out, F9 (Line Drive, 9LM, EV 90.0 MPH)
|
Batting: RHB Kevin Tangeman
|
0-0: Called Strike 0-1: SOLO HOME RUN (Flyball, 89XD, EV 100.6 MPH), Distance : 394 ft
|
Batting: SHB Craig Ruzic
|
0-0: Called Strike 0-1: Ball 1-1: Foul Ball, location: 2F 1-2: Ball 2-2: Ball 3-2: DOUBLE (Groundball, 3L, EV 103.1 MPH)
|
Batting: RHB T.J. Williams
|
0-0: Foul Ball, location: 2F 0-1: Foul Ball, location: 2F 0-2: Ball 1-2: Ground out 5-3 (Groundball, 5, EV 85.6 MPH)
|
Bottom of the 3rd over - 1 run, 2 hits, 0 errors, 1 left on base; Jupiter 0 - Modesto 1 |
TOP OF THE 4TH |
Jupiter Hammerheads batting - Pitching for Modesto Nuts : RHP Matt Morales
|
Batting: RHB Harrie de Kam
|
0-0: Ball 1-0: Ball 2-0: SINGLE (Groundball, 4M, EV 101.2 MPH) (infield hit)
|
Batting: LHB Orlando Rivera
|
0-0: Ball Harrie de Kam steals 2nd base 1-0: Ball 2-0: Ball 3-0: Called Strike 3-1: Ground out 6-3 (Groundball, 6, EV 106.2 MPH)
|
Batting: RHB Manuel Taveras
|
0-0: Called Strike 0-1: Swinging Strike 0-2: Ball 1-2: Strikes out looking
|
Batting: RHB Miguel Velasco
|
0-0: Ball 1-0: Called Strike 1-1: Called Strike 1-2: Ball 2-2: Ground out 5-3 (Groundball, 56, EV 86.9 MPH)
|
Top of the 4th over - 0 runs, 1 hit, 0 errors, 1 left on base; Jupiter 0 - Modesto 1 |
BOTTOM OF THE 4TH |
Modesto Nuts batting - Pitching for Jupiter Hammerheads : RHP Kevin Weil
|
Batting: RHB John Corfield
|
0-0: Foul Ball, location: 2F 0-1: Foul Ball, location: 2F 0-2: Ball 1-2: Foul Ball, location: 2F 1-2: Ground out 4-3 (Groundball, 4, EV 90.0 MPH)
|
Batting: RHB Ray Insley
|
0-0: SOLO HOME RUN (Flyball, 7D, EV 95.6 MPH), Distance : 364 ft
|
Batting: SHB Clayton Saunders
|
0-0: Ball 1-0: Fly out, F8 (Line Drive, 8RD, EV 91.2 MPH)
|
Batting: RHB Manny Thompson
|
0-0: Ball 1-0: Ball 2-0: Ball 3-0: Base on Balls
|
Batting: SHB Justin Jackson
|
0-0: Ball 1-0: Ball 2-0: Reached on error, E7 (Flyball, 78D, EV 108.8 MPH) Manny Thompson to third
|
Batting: RHB Ighlas Mwara
|
0-0: Ground out 5-3 (Groundball, 56, EV 82.5 MPH)
|
Bottom of the 4th over - 1 run, 1 hit, 1 error, 2 left on base; Jupiter 0 - Modesto 2 |
TOP OF THE 5TH |
Jupiter Hammerheads batting - Pitching for Modesto Nuts : RHP Matt Morales
|
Batting: SHB Greg Rivera
|
0-0: Ball 1-0: Ground out 4-3 (Groundball, 4, EV 106.2 MPH)
|
Batting: RHB Reomel Somera
|
0-0: Ball 1-0: Called Strike 1-1: Foul Ball, location: 2F 1-2: Foul Ball, location: 2F 1-2: Strikes out swinging
|
Batting: RHB Alberto Bravo
|
0-0: Ball 1-0: Fly out, F8 (Flyball, 8LD, EV 95.6 MPH)
|
Top of the 5th over - 0 runs, 0 hits, 0 errors, 0 left on base; Jupiter 0 - Modesto 2 |
BOTTOM OF THE 5TH |
Modesto Nuts batting - Pitching for Jupiter Hammerheads : RHP Kevin Weil
|
Batting: RHB Kevin Tangeman
|
0-0: Ball 1-0: Ball 2-0: Called Strike 2-1: Ball 3-1: Swinging Strike 3-2: Base on Balls
|
Batting: SHB Craig Ruzic
|
0-0: Ball Kevin Tangeman steals 2nd base 1-0: Foul Ball, location: 2F 1-1: TRIPLE (Flyball, 89XD, EV 109.4 MPH) Kevin Tangeman scores
|
Batting: RHB T.J. Williams
|
0-0: Ball 1-0: Called Strike 1-1: Foul Ball, location: 2F 1-2: Ball 2-2: Ball 3-2: Base on Balls
|
Batting: RHB John Corfield
|
0-0: Ball 1-0: Ball 2-0: Ball 3-0: Base on Balls T.J. Williams to second
|
Batting: RHB Ray Insley
|
0-0: Ball 1-0: Foul Ball, location: 2F 1-1: Swinging Strike 1-2: Foul Ball, location: 2F 1-2: Fly out, F9 (Flyball, 9D, EV 101.9 MPH) Runner from 3rd tags up, SCORES, no throw by RF
|
Batting: SHB Clayton Saunders
|
0-0: Ball 1-0: Called Strike 1-1: Ball 2-1: Swinging Strike 2-2: Strikes out swinging
|
Batting: RHB Manny Thompson
|
0-0: Ball 1-0: Called Strike 1-1: Foul Ball, location: 2F 1-2: Foul Ball, location: 2F 1-2: Ball 2-2: Fly out, F4 (Popup, 34D, EV 52.5 MPH)
|
Bottom of the 5th over - 2 runs, 1 hit, 0 errors, 2 left on base; Jupiter 0 - Modesto 4 |
TOP OF THE 6TH |
Jupiter Hammerheads batting - Pitching for Modesto Nuts : RHP Matt Morales
|
Batting: RHB Torquato Uso
|
0-0: Ball 1-0: Swinging Strike 1-1: Foul Ball, location: 2F 1-2: Ball 2-2: Foul Ball, location: 2F 2-2: Foul Ball, location: 2F 2-2: Ball 3-2: Foul Ball, location: 2F 3-2: Base on Balls
|
Batting: RHB Rafael Irizarry
|
0-0: Called Strike Torquato Uso steals 2nd base 0-1: Ball 1-1: Swinging Strike 1-2: Ball 2-2: Ball 3-2: Foul Ball, location: 2F 3-2: Base on Balls
|
Pitching: RHP Zi-cheng Zhou
|
|
Batting: RHB Harrie de Kam
|
0-0: Called Strike 0-1: Ball 1-1: Called Strike 1-2: Strikes out swinging
|
Batting: LHB Orlando Rivera
|
0-0: Foul Ball, location: 2F 0-1: 3-RUN HOME RUN (Flyball, 9D, EV 94.4 MPH), Distance : 352 ft
|
Batting: RHB Manuel Taveras
|
0-0: Foul Ball, location: 2F 0-1: Ball 1-1: Foul Ball, location: 2F 1-2: Ball 2-2: Ball 3-2: Ground out 4-3 (Groundball, 34, EV 83.8 MPH)
|
Batting: RHB Miguel Velasco
|
0-0: Ground out 5-3 (Groundball, 56, EV 81.2 MPH)
|
Top of the 6th over - 3 runs, 1 hit, 0 errors, 0 left on base; Jupiter 3 - Modesto 4 |
BOTTOM OF THE 6TH |
Modesto Nuts batting - Pitching for Jupiter Hammerheads : RHP Kevin Weil
|
Batting: SHB Justin Jackson
|
0-0: Called Strike 0-1: Swinging Strike 0-2: Ball 1-2: DOUBLE (Line Drive, 89D, EV 111.9 MPH)
|
Batting: RHB Ighlas Mwara
|
0-0: Ball 1-0: Ground out 4-3 (Groundball, 4, EV 99.4 MPH) Justin Jackson to third
|
Batting: RHB Kevin Tangeman
|
0-0: Ball 1-0: Called Strike 1-1: Ball 2-1: Ball 3-1: Called Strike 3-2: SINGLE (Groundball, 56, EV 96.9 MPH) Justin Jackson scores
|
Pitching: RHP Dan Durand
|
|
Batting: SHB Craig Ruzic
|
0-0: Ball 1-0: Ball 2-0: Fielders Choice at 2nd, 1-6 (Groundball, 34S, EV 70.0 MPH)
|
Batting: RHB T.J. Williams
|
0-0: Ball 1-0: Ball 2-0: Called Strike 2-1: Swinging Strike 2-2: Ball Craig Ruzic steals 2nd base 3-2: Reached via error on a dropped throw from 2B, E3 (Groundball, 4, EV 89.4 MPH) Craig Ruzic to third
|
Batting: RHB John Corfield
|
0-0: Ball 1-0: Ball 2-0: Ball 3-0: Base on Balls T.J. Williams to second
|
Batting: RHB Ray Insley
|
0-0: Foul Ball, location: 2F 0-1: Foul Ball, location: 2F 0-2: Reaches on Catchers interference Craig Ruzic scores T.J. Williams to third John Corfield to second
|
Batting: SHB Clayton Saunders
|
0-0: Called Strike 0-1: Swinging Strike 0-2: Ball 1-2: Ball 2-2: Strikes out swinging
|
Bottom of the 6th over - 2 runs, 2 hits, 2 errors, 3 left on base; Jupiter 3 - Modesto 6 |
TOP OF THE 7TH |
Jupiter Hammerheads batting - Pitching for Modesto Nuts : RHP Zi-cheng Zhou
|
Batting: SHB Greg Rivera
|
0-0: Called Strike 0-1: Foul Ball, location: 2F 0-2: Strikes out swinging
|
Batting: SHB Matt Moore
|
0-0: Ball 1-0: Ball 2-0: Ball 3-0: Base on Balls
|
Batting: RHB Alberto Bravo
|
0-0: Called Strike 0-1: Called Strike 0-2: Grounds into double play, 5-4-3 (Groundball, 56, EV 103.8 MPH)
|
Top of the 7th over - 0 runs, 0 hits, 0 errors, 0 left on base; Jupiter 3 - Modesto 6 |
BOTTOM OF THE 7TH |
Modesto Nuts batting - Pitching for Jupiter Hammerheads : RHP Dan Durand
|
Batting: RHB Manny Thompson
|
0-0: Ball 1-0: Ball 2-0: Ground out 4-3 (Groundball, 4, EV 110.6 MPH)
|
Batting: SHB Justin Jackson
|
0-0: Ball 1-0: Ball 2-0: Ball 3-0: Base on Balls
|
Batting: RHB Ighlas Mwara
|
0-0: Ball 1-0: Ball 2-0: Called Strike 2-1: Grounds into double play, 4-6-3 (Groundball, 4, EV 83.8 MPH)
|
Bottom of the 7th over - 0 runs, 0 hits, 0 errors, 0 left on base; Jupiter 3 - Modesto 6 |
TOP OF THE 8TH |
Jupiter Hammerheads batting - Pitching for Modesto Nuts : RHP Zi-cheng Zhou
|
Batting: RHB Torquato Uso
|
0-0: Called Strike 0-1: Ball 1-1: Fly out, F9 (Flyball, 9, EV 95.0 MPH)
|
Pinch Hitting: LHB Dong-u Chang
|
0-0: Ground out 6-3 (Groundball, 56, EV 93.8 MPH)
|
Batting: RHB Harrie de Kam
|
0-0: Called Strike 0-1: Foul Ball, location: 2F 0-2: Ball 1-2: Fly out, F7 (Flyball, 7S, EV 85.6 MPH)
|
Top of the 8th over - 0 runs, 0 hits, 0 errors, 0 left on base; Jupiter 3 - Modesto 6 |
BOTTOM OF THE 8TH |
Modesto Nuts batting - Pitching for Jupiter Hammerheads : RHP Dan Durand
|
Now at SS: Dong-u Chang
|
|
Batting: RHB Kevin Tangeman
|
0-0: Foul Ball, location: 2F 0-1: Ball 1-1: Ball 2-1: Ball 3-1: Called Strike 3-2: TRIPLE (Flyball, 89XD, EV 108.1 MPH)
|
Pitching: RHP Josue Rubio
|
|
Batting: SHB Craig Ruzic
|
0-0: Swinging Strike 0-1: Reached on error, E3 (Groundball, 3, EV 86.9 MPH) Kevin Tangeman scores
|
Batting: RHB T.J. Williams
|
0-0: Swinging Strike 0-1: Ball 1-1: Foul Ball, location: 2F 1-2: Fly out, F8 (Line Drive, 8RM, EV 91.2 MPH)
|
Batting: RHB John Corfield
|
0-0: Called Strike 0-1: Foul Ball, location: 2F 0-2: Strikes out swinging
|
Batting: RHB Ray Insley
|
0-0: Called Strike 0-1: Ball Wild Pitch! Craig Ruzic to second 1-1: Swinging Strike 1-2: DOUBLE (Flyball, 78D, EV 95.0 MPH) Craig Ruzic scores
|
Batting: SHB Clayton Saunders
|
0-0: Ball 1-0: Ball 2-0: Foul Ball, location: 2F 2-1: Fly out, F7 (Flyball, 78M, EV 79.4 MPH)
|
Bottom of the 8th over - 2 runs, 2 hits, 1 error, 1 left on base; Jupiter 3 - Modesto 8 |
TOP OF THE 9TH |
Jupiter Hammerheads batting - Pitching for Modesto Nuts : RHP Zi-cheng Zhou
|
Batting: LHB Orlando Rivera
|
0-0: Called Strike 0-1: SINGLE (Line Drive, 9S, EV 111.2 MPH)
|
Pitching: RHP Ricardo Roman
|
|
Batting: RHB Manuel Taveras
|
0-0: Called Strike 0-1: Ball 1-1: Ball 2-1: Swinging Strike 2-2: Strikes out swinging
|
Batting: RHB Miguel Velasco
|
0-0: Ball 1-0: Called Strike 1-1: Foul Ball, location: 2F 1-2: Ball 2-2: Fielders Choice at 2nd, 3-6 (Groundball, 3, EV 88.8 MPH)
|
Batting: SHB Greg Rivera
|
0-0: Ball 1-0: Fly out, F8 (Flyball, 8RD, EV 89.4 MPH)
|
Top of the 9th over - 0 runs, 1 hit, 0 errors, 1 left on base; Jupiter 3 - Modesto 8 |
|